 Dungeon Sprint DCSS version 0.26-a0-682-g294304f6e8 (webtiles) character file.

Game seed: 17278174322257972868

32 mhtbhm the Shield-Bearer (level 3, -2/54 HPs)
             Began as a Minotaur Fighter on Oct 20, 2020.
             Killed by divine providence
             ... invoked by an orc priest
              (8 damage)
             ... in the Dungeon (Sprint IX: "|||||||||||||||||||||||||||||").
             The game lasted 00:00:11 (36 turns).

mhtbhm the Shield-Bearer (Minotaur Fighter)           Turns: 36, Time: 00:00:11

Health: -2/54      AC:  7    Str: 21    XL:     3   Next: 10%
Magic:  2/2        EV:  8    Int:  5    God:
Gold:   0          SH: 10    Dex:  9    Spells: 2/2 levels left

rFire    . . .     SeeInvis .   a - +0 long sword
rCold    . . .     Faith    .   c - +0 kite shield
rNeg     . . .     Spirit   .   b - +0 scale mail
rPois    .         Reflect  .   (helmet restricted)
rElec    .         Harm     .   (no cloak)
rCorr    .         Rampage  .   (no gloves)
MR       .....     NoTele   +   (no boots)
Stlth    ..........             (no amulet)
HPRegen  0.18/turn              (no ring)
MPRegen  0.08/turn              (no ring)

@: berserking (expiring), very quick
A: retaliatory headbutt, horns 2
a: no special abilities


You were in the Dungeon.
You visited 1 branch

Inventory:

Hand Weapons
 a - a +0 long sword (weapon)
Armour
 b - a +0 scale mail (worn)
 c - a +0 kite shield (worn)
Scrolls
 j - a scroll of blinking
Potions
 d - a potion of might
 e - a potion of curing
 g - a potion of haste
 h - 2 potions of magic


   Skills:
 + Level 5.2 Fighting
 + Level 3.7 Long Blades
 + Level 5.2 Armour
 + Level 0.3 Dodging
 + Level 5.4 Shields


You had 2 spell levels left.
You didn't know any spells.
Your spell library was empty.

Dungeon Overview and Level Annotations

Branches:
Dungeon (1/1)

Altars:


Innate Abilities, Weirdness & Mutations

You reflexively headbutt those who attack you in melee.
You have a pair of horns on your head.


Message History

The gnoll is almost dead.
You block the gnoll's attack.
You barely miss the gnoll. You headbutt the gnoll.
You kill the gnoll!
Your Fighting skill increases to level 5!
Your Armour skill increases to level 5!
Your Shields skill increases to level 5!
The adder barely misses you.
You barely miss the adder. The adder barely misses you.
You furiously retaliate!
You headbutt the adder! You barely miss the adder. You headbutt the adder.
You kill the adder!
You have reached level 3!
Your experience leads to an increase in your attributes!
Increase (S)trength, (I)ntelligence, or (D)exterity?
You feel stronger.
Unknown command.
The orc priest calls down the wrath of Beogh upon you.
Beogh smites you!
You die... ▓▓▓▓▓▓▓▓▓▓▓▓▓▓▓▓▓▓ +..ro@'...†)'...<▓ ▓▓▓▓▓▓▓▓▓▓▓▓▓▓▓▓▓▓

You could see an orc priest and a quokka.

Vanquished Creatures
  A gnoll (D)
  2 adders (D)
  A kobold (D)
  2 bats (D)
  2 rats (D)
8 creatures vanquished.

Notes
Turn   | Place    | Note
-------+----------+-------------------------------------------
     0 | D        | mhtbhm the Minotaur Fighter began the quest for the Orb.
     0 | D        | Reached XP level 1. HP: 19/19 MP: 0/0
    19 | D        | Noticed an orc priest
    22 | D        | HP: 1/20 [gnoll/+0 spear (4)]
    28 | D        | Reached XP level 2. HP: 17/28 MP: 1/1
    33 | D        | Reached skill level 5 in Fighting
    33 | D        | Reached skill level 5 in Armour
    33 | D        | Reached skill level 5 in Shields
    35 | D        | Reached XP level 3. HP: 6/36 MP: 2/2
    36 | D        | Killed from afar by an orc priest

Illustrated notes

Levels and vault maps discovered:
D:        linesprint [early_d, line_temple, items_1, d_10, items_2, lair_1,
          lair_end, items_3, orc_1, orc_end, items_4, d_15, swamp_1, shoals_1,
          snake_1, spider_1, d_20, vaults_1, items_5, swamp_end, shoals_end,
          snake_end, spider_end, vaults_end, d_27, items_6, zot_1, zot_end,
          crypt_end, forest_end, elf_end, slime_end, tomb_end, abyss_end,
          pan_hell_end]

Skill      XL: |  1  2 |
---------------+-------+-----
Fighting       | 4 5 |  5.2
Armour         | 4 5 |  5.2
Shields        | 4 5 |  5.4
Long Blades    | 3 |  3.7
Dodging        | |  0.3

Action                   || total
-------------------------++-------
Melee: Long sword        ||    22
       Headbutt          ||     2
  Use: Potion            ||     2
Armor: Scale mail        ||     9
Dodge: Dodged            ||     8
Block: Kite shield       ||    14

Table legend: (Time is in decaauts)
 A = Elapsed time spent in this place.
 B = Non-inter-level travel time spent in this place.
 C = Inter-level travel time spent in this place.
 D = Time resting spent in this place.
 E = Time spent auto-exploring this place.
 F = Levels seen in this place.
 G = Mean time per level.
                   A        B        C        D        E       F      G
               +--------+--------+--------+--------+--------+-----+--------+
         Total |     38 |     38 |      0 |      0 |      3 |   1 |   38.0 |
       Dungeon |     38 |     38 |      0 |      0 |      3 |   1 |   38.0 |
               +--------+--------+--------+--------+--------+-----+--------+

Top non-repeatable levels by time:
       D: 38 daAuts
